 Dungeon Crawl Stone Soup version 0.28.0-53-g5a82cb258f (webtiles) character file.

Game seed: 2471027816140244217

45461 Infinimo the Bludgeoner (level 14, -2/130 HPs)
             Began as a Minotaur Berserker on June 4, 2022.
             Was a High Priest of Trog.
             Succumbed to barbed spike wounds
             ... on level 6 of the Lair of Beasts.
             The game lasted 00:18:39 (16292 turns).

Infinimo the Bludgeoner (Minotaur Berserker)       Turns: 16292, Time: 00:18:39

Health: -2/130     AC: 15    Str: 26    XL:     14   Next: 1%
Magic:  13/13      EV: 10    Int:  4    God:    Trog [*****.]
Gold:   1574       SH: 12    Dex: 11    Spells: 13/13 levels left

rFire   + . .      SeeInvis .   o - +0 morningstar
rCold   + . .      Faith    .   C - +0 kite shield
rNeg    . . .      Spirit   .   i - +3 scale mail {rPois}
rPois   +          Reflect  .   F - +1 hat {Stlth+}
rElec   .          Harm     .   (no cloak)
rCorr   .          Rampage  +   (no gloves)
Will    +....                   G - +0 pair of boots {rampage}
Stlth   +.........              x - amulet of regeneration
HPRegen 1.11/turn               q - ring of protection from fire
MPRegen 0.13/turn               r - ring of protection from cold

@: spiked, on berserk cooldown, slowed, very slow
A: horns 2, retaliatory headbutt
a: Renounce Religion, Berserk, Trog's Hand, Brothers in Arms


You were on level 6 of the Lair of Beasts.
You worshipped Trog.
Trog was extremely pleased with you.
You visited 2 branches of the dungeon, and saw 16 of its levels.
You also visited: Volcano.

You collected 1706 gold pieces.
You spent 132 gold pieces at shops.

Inventory:

Hand Weapons
 o - a +0 morningstar (weapon)
Missiles
 a - 15 poisoned darts (quivered)
 A - a throwing net
Armour
 i - a +3 scale mail of poison resistance (worn)
 C - a +0 kite shield (worn)
 F - a +1 hat of stealth (worn)
 G - a +0 pair of boots of rampaging (worn)
Jewellery
 q - a ring of protection from fire (left hand)
 r - a ring of protection from cold (right hand)
 u - a ring of poison resistance
 x - an amulet of regeneration (around neck)
 y - a ring of protection from fire
 D - a ring of protection from cold
 H - a ring of ice
 I - a +6 ring of strength
 O - a ring of protection from fire
 P - a ring of willpower
 S - an amulet of the acrobat
Wands
 j - a wand of acid (19)
 k - a wand of flame (38)
 n - a wand of charming (8)
 v - a wand of paralysis (3)
 w - a wand of mindburst (29)
 B - a wand of iceblast (16)
Scrolls
 e - 3 scrolls of blinking
 f - a scroll of noise {unknown}
 p - 8 scrolls of teleportation
 K - 2 scrolls of vulnerability {unknown}
 L - a scroll of torment {unknown}
 M - 9 scrolls of identify
 N - 4 scrolls of fear {unknown}
 Q - a scroll of magic mapping {unknown}
 R - 2 scrolls of fog {unknown}
 T - a scroll of summoning
 U - a scroll of enchant weapon {unknown}
Potions
 b - 4 potions of attraction
 c - 3 potions of magic
 d - 6 potions of lignification
 g - 3 potions of resistance
 h - a potion of ambrosia {unknown}
 l - a potion of degeneration {unknown}
 m - 3 potions of cancellation
 s - 2 potions of mutation
 t - 2 potions of berserk rage
 z - 3 potions of brilliance
 E - 2 potions of curing
 J - a potion of haste {unknown}


   Skills:
 + Level 13.8 Fighting
 * Level 18.8 Maces & Flails
 + Level 13.5 Armour
 - Level 2.1 Dodging
 + Level 12.5 Shields


You had 13 spell levels left.
You didn't know any spells.
Your spell library was empty.

Dungeon Overview and Level Annotations

Branches:
Dungeon (10/15)            Temple (0/1) D:5            Lair (6/6) D:8
 Shoals (0/4) Lair:2       Spider (0/4) Lair:2        Slime (0/5) Lair:5
Volcano (visited)
    Orc: D:9-12

Altars:
Ashenzari
Dithmenos
Fedhas
Gozag
Kikubaaqudgha
Nemelex Xobeh
Okawaru
Sif Muna
Uskayaw
Jiyva

Shops:
D:4 (

Annotations:
D:9 1 runed translucent door, Sheol's ghost, novice MiFi


Innate Abilities, Weirdness & Mutations

You have a pair of horns on your head.
You reflexively headbutt those who attack you in melee.


Message History

The manticore claws you! The boulder beetle hits you!!!
* * * LOW HITPOINT WARNING * * *
The boulder beetle stops rolling and uncurls.
You bludgeon the manticore!! Your headbutt misses the manticore.
The manticore is severely wounded.
You impale the manticore!!
You kill the manticore!
Trog accepts your kill. The boulder beetle bites you.
* * * LOW HITPOINT WARNING * * *
You have reached level 14!
You hit the boulder beetle.
The boulder beetle is lightly wounded.
You hit the boulder beetle but do no damage.
The boulder beetle is lightly wounded.
You block the boulder beetle's attack.
You hit the boulder beetle.
The boulder beetle is moderately wounded.
The boulder beetle bites you!!
* * * LOW HITPOINT WARNING * * *
You hit the boulder beetle but do no damage.
You headbutt the boulder beetle, but do no damage.
The boulder beetle is moderately wounded.
You puncture the boulder beetle! You headbutt the boulder beetle!
The boulder beetle is heavily wounded.
You sock the boulder beetle!
The boulder beetle is severely wounded.
The boulder beetle bites you but does no damage.
You hit the boulder beetle but do no damage.
You headbutt the boulder beetle, but do no damage.
The boulder beetle is severely wounded.
The boulder beetle leaps!
The barbed spikes dig painfully into your body as you move.
* * * LOW HITPOINT WARNING * * *
You are no longer berserk.
You are exhausted.
You feel yourself slow down.
You see here a manticore corpse.
The barbed spikes dig painfully into your body as you move.
You die...

##≈≈≈#≈≈ #≈.##≈≈#≈≈....##
≈≈..≈.≈. ≈.
≈..≈..≈...###...#
≈.......
..##.#..#≈....#..#.##
........
....########.B..P...
........ ......
####.........# ........
......##.†..........
........
.........†.......### ..P#
.......†#....#.#..# ...#
.......@....#....## ..##
..............#### .P####
...............# ..#..###
#..............# .......#
#..............#
..Y....#.#.............##
....<....#....^.....#.##
............###..######
........#...


You could see a boulder beetle.

Vanquished Creatures
  Harold (D:8)
  6 hydras
  Fannar (Lair:1)
  2 boulder beetles
  An ogre mage (D:10)
  A centaur warrior (Volcano)
  A catoblepas (Lair:6)
  2 two-headed ogres
  Nergalle (Lair:3)
  A hell knight (Volcano)
  Sonja (Lair:6)
  A harpy (Lair:6)
  An ugly thing (D:10)
  2 manticores (Lair:6)
  5 black mambas
  4 elephants
  A merfolk siren (Lair:2)
  14 cane toads
  Maggie (D:7)
  7 komodo dragons
  A demonic crawler (Lair:2)
  4 rime drakes
  3 hornets
  3 polar bears
  A wind drake (Lair:6)
  23 blink frogs
  A snapping turtle (Lair:6)
  2 wraiths
  43 yaks
  A vampire (D:10)
  3 basilisks
  5 steam dragons
  2 acid dragons
  11 water moccasins
  An orc warrior (D:9)
  3 black bears
  10 centaurs
  44 wolves
  A phantom (D:5)
  A kobold brigand (D:10)
  9 bullfrogs
  A wyvern zombie (D:6)
  4 scorpions (Lair:2)
  A water moccasin skeleton (D:7)
  4 wights (D:9)
  8 electric eels
  A howler monkey (D:6)
  2 centaur zombies
  A bullfrog zombie (D:7)
  A centaur skeleton (D:5)
  3 orc priests
  A gnoll shaman (D:6)
  4 hounds
  3 iguanas
  16 orc wizards
  A hound skeleton (D:4)
  A hound zombie (D:5)
  2 howler monkey zombies
  Robin (D:3)
  3 adders
  2 howler monkey skeletons
  10 gnolls
  3 white imps
  An ufetubus (D:5)
  An adder skeleton (D:4)
  5 worms
  A dart slug (D:2)
  29 orcs
  9 ball pythons
  6 bats
  9 endoplasms
  3 giant cockroaches
  15 goblins
  4 hobgoblins
  3 jackals
  A quokka (D:1)
  9 frilled lizards
  6 kobolds
  3 rats
404 creatures vanquished.

Vanquished Creatures (others)
  An orc wizard (D:8)
  A bush (Lair:1)
  25 fungi
  33 plants
  2 withered plants (D:9)
62 creatures vanquished.

Grand Total: 466 creatures vanquished

Notes
Turn   | Place    | Note
-------+----------+-------------------------------------------
     0 | D:1      | Infinimo the Minotaur Berserker began the quest for the
                  | Orb.
     0 | D:1      | Reached XP level 1. HP: 19/19 MP: 0/0
   170 | D:1      | Reached skill level 4 in Maces & Flails
   208 | D:1      | Reached XP level 2. HP: 27/27 MP: 1/1
   685 | D:1      | Found a faded altar of an unknown god.
  1013 | D:2      | Reached XP level 3. HP: 33/33 MP: 2/2
  1519 | D:3      | Reached ** piety under Trog
  1558 | D:3      | Identified the +0 ring mail of Ekoqeloc {Harm}
  1741 | D:3      | Reached skill level 5 in Maces & Flails
  1741 | D:3      | Reached XP level 4. HP: 40/40 MP: 3/3
  2097 | D:3      | Noticed Robin
  2110 | D:3      | Killed Robin
  2753 | D:4      | Reached XP level 5. HP: 47/47 MP: 4/4
  2858 | D:4      | Found Fonor's Antique Weapon Boutique.
  2863 | D:4      | Noticed a black bear
  2869 | D:4      | Killed a black bear
  2870 | D:4      | Reached skill level 5 in Fighting
  2870 | D:4      | Reached skill level 6 in Maces & Flails
  2870 | D:4      | Reached XP level 6. HP: 56/56 MP: 5/5
  2934 | D:4      | Bought a morningstar for 132 gold pieces
  3491 | D:4      | Reached *** piety under Trog
  3500 | D:4      | Reached skill level 7 in Maces & Flails
  3773 | D:5      | Entered Level 5 of the Dungeon
  3825 | D:5      | Found a staircase to the Ecumenical Temple.
  3908 | D:5      | Reached skill level 5 in Armour
  3908 | D:5      | Reached XP level 7. HP: 62/62 MP: 6/6
  4146 | D:5      | Reached skill level 8 in Maces & Flails
  4248 | D:5      | Noticed a wraith
  4257 | D:5      | Killed a wraith
  4702 | D:5      | Noticed a two-headed ogre
  4709 | D:5      | Killed a two-headed ogre
  4710 | D:5      | Reached skill level 10 in Maces & Flails
  4710 | D:5      | Reached XP level 8. HP: 72/73 MP: 7/7
  5203 | D:6      | Found a sparkling altar of Nemelex Xobeh.
  5510 | D:6      | Reached XP level 9. HP: 68/81 MP: 8/8
  5801 | D:7      | Noticed Maggie
  5820 | D:7      | Killed Maggie
  5821 | D:7      | Reached skill level 11 in Maces & Flails
  6312 | D:8      | Found an opulent altar of Gozag.
  6322 | D:8      | Noticed a two-headed ogre
  6328 | D:8      | Killed a two-headed ogre
  6329 | D:8      | Reached skill level 12 in Maces & Flails
  6414 | D:7      | Reached XP level 10. HP: 55/91 MP: 9/9
  6474 | D:7      | Reached **** piety under Trog
  6475 | D:7      | Reached skill level 13 in Maces & Flails
  6552 | D:8      | Found an iron altar of Okawaru.
  6563 | D:8      | Found a staircase to the Lair.
  6917 | D:8      | Found an ancient bone altar of Kikubaaqudgha.
  6918 | D:8      | Found a shadowy altar of Dithmenos.
  6918 | D:8      | Found a shimmering blue altar of Sif Muna.
  6919 | D:8      | Found a blossoming altar of Fedhas.
  6932 | D:8      | Noticed Harold
  6942 | D:8      | Killed Harold
  6943 | D:8      | Reached skill level 10 in Fighting
  7012 | D:8      | Found a broken altar of Ashenzari.
  7374 | D:9      | Reached skill level 1 in Shields
  7438 | D:9      | Found a runed translucent door.
  7438 | D:9      | Noticed Sheol's ghost (novice MiFi)
  7531 | D:9      | Found a hide-covered altar of Uskayaw.
  7531 | D:9      | Noticed a +0 dagger
  7531 | D:9      | Noticed a +0 spear
  7531 | D:9      | Noticed a +0 short sword
  7542 | D:9      | Noticed a +0 dagger
  7551 | D:9      | Noticed a +0 falchion
  7552 | D:9      | Noticed a +0 falchion
  7552 | D:9      | Noticed a +0 short sword
  7557 | D:9      | Noticed a +0 spear
  7696 | D:9      | Reached skill level 14 in Maces & Flails
  7696 | D:9      | Reached skill level 10 in Armour
  7966 | D:10     | Entered Level 10 of the Dungeon
  8394 | D:10     | Reached XP level 11. HP: 75/101 MP: 10/10
  8399 | D:10     | Reached ***** piety under Trog
  8609 | D:10     | Noticed a six-headed hydra
  8614 | D:10     | Killed a six-headed hydra
  8679 | D:10     | Noticed an ogre mage
  8688 | D:10     | Killed an ogre mage
  8689 | D:10     | Reached skill level 5 in Shields
  9065 | D:10     | Noticed a white ugly thing
  9092 | D:10     | Killed a white ugly thing
  9296 | Lair:1   | Entered Level 1 of the Lair of Beasts
  9340 | Lair:1   | Reached skill level 15 in Maces & Flails
  9346 | Lair:1   | Noticed Fannar
  9485 | Lair:1   | Killed Fannar
 10617 | Lair:2   | Noticed a boulder beetle
 10643 | Lair:2   | Killed a boulder beetle
 10745 | Lair:2   | Found a dark tunnel.
 10861 | Volcano  | Entered a volcano
 10887 | Volcano  | Noticed a centaur warrior
 10902 | Volcano  | Killed a centaur warrior
 10903 | Volcano  | Reached XP level 12. HP: 111/111 MP: 11/11
 11320 | Lair:2   | Reached skill level 16 in Maces & Flails
 11393 | Lair:2   | Found a staircase to the Shoals.
 12167 | Lair:2   | Found a hole to the Spider Nest.
 12605 | Lair:3   | Reached skill level 10 in Shields
 12751 | Lair:3   | Reached skill level 17 in Maces & Flails
 12870 | Lair:3   | Received a gift from Trog
 13070 | Lair:3   | Noticed Nergalle
 13080 | Lair:3   | Killed Nergalle
 13081 | Lair:3   | Reached XP level 13. HP: 119/119 MP: 12/12
 14199 | Lair:4   | Identified the +3 quarterstaff of Indomitability {vorpal,
                  | *Corrode Str+4 Dex+2 SInv}
 14242 | Lair:4   | You fall into a shaft and drop 2 floors!
 14242 | Lair:6   | Entered Level 6 of the Lair of Beasts
 14957 | Lair:5   | Reached skill level 18 in Maces & Flails
 15200 | Lair:5   | Found a viscous altar of Jiyva.
 15200 | Lair:5   | Found a staircase to the Slime Pits.
 15973 | Lair:6   | Noticed Sonja
 16170 | Lair:6   | Killed Sonja
 16284 | Lair:6   | Reached XP level 14. HP: 24/130 MP: 13/13
 16286 | Lair:6   | HP: 7/195 [boulder beetle (19)]
 16291 | Lair:6   | HP: 3/195 [barbs]
 16292 | Lair:6   | Succumbed to barbed spike wounds

Illustrated notes

Levels and vault maps discovered:
D:1:      dpeg_arrival_simpleton_a, layout_basic,
          shapermc_ecumenical_altar_mp_vishouse, nicolae_wormholes
D:2:      layout_basic, minmay_pentomino_q2
D:3:      layout_basic, solitary_fountain, minmay_three_crescents, uniq_robin
D:4:      minmay_spotlight, layout_gridville, minmay_shop_grid_forest,
          grunt_ministairs_15
D:5:      layout_layer_cave, minmay_temple_entry_tees
D:6:      layout_basic, nemelex_xobeh_ov_fountains_minmay, roderic_filled_cross
D:7:      layout_loops_ring, uniq_maggie
D:8:      minmay_flawed_box, layout_cave_pools, okawaru_ov_weapons_minmay,
          nicolae_gozag_seed_capital, lemuel_coloured_pillars_altar,
          chequers_temple_overflow_statue_of_worship, david_lair_shrubbed,
          uniq_harold
D:9:      layout_gridville, nicolae_uskayaw_en_pointe, gammafunk_ghost_grave
D:10:     cheibrodos_two_vegetables, layout_irregular_city
Lair:1:   layout_layer_cave, uniq_fannar
Lair:2:   layout_cave_pods, minmay_shoals_entry_lonely_mermaid,
          nicolae_spider_entry_non_spiders, enter_volcano_2,
          infiniplex_staircase_pool, grunt_megastairs_2, serial_bayou_shore_b
Lair:3:   layout_loops_ring, minivault_23, st_stairs_5,
          grunt_forest_large_clearings, uniq_nergalle
Lair:4:   layout_layer_cave, grunt_forest_small_clearings, st_stairs_7,
          lemuel_fruit_tree, grunt_megastairs_5, serial_bayou_shore_a
Lair:5:   layout_roguey, slime_altar_1, infiniplex_staircase_pool_2,
          grunt_megastairs_4
Lair:6:   gammafunk_lair_ancient_temple, layout_cave_pods, uniq_sonja

Skill      XL: |  1  2  3  4  5  6  7  8  9 10 11 12 13 |
---------------+----------------------------------------+-----
Maces & Flails | 4 5 6 7 10 12 14 15 17 18 | 18.8
Fighting       | 4 5 7 9 10 11 12 13 | 13.8
Armour         | 3 4 5 6 7 9 10 11 12 13 | 13.5
Shields        | 3 8 10 12 | 12.5
Dodging        | |  2.1

Action                   |  1- 3 |  4- 6 |  7- 9 | 10-12 | 13-15 || total
-------------------------+-------+-------+-------+-------+-------++-------
Melee: Mace              |    72 |    14 |       |       |       ||    86
       Headbutt          |     8 |    20 |    25 |   113 |    71 ||   237
       Punch             |     2 |     1 |     1 |     2 |       ||     6
       Flail             |       |    57 |       |       |       ||    57
       Morningstar       |       |    72 |   146 |   638 |   378 ||  1234
Invok: Berserk           |     4 |     7 |     5 |    13 |     9 ||    38
Evoke: Wand              |       |       |       |     4 |       ||     4
  Use: Scroll            |       |     5 |     2 |    12 |       ||    19
       Potion            |       |       |     1 |     2 |     2 ||     5
 Stab: Sleeping          |     1 |     1 |       |       |       ||     2
Armor: Animal skin       |     7 |     1 |       |       |       ||     8
       Scale mail        |       |    69 |    61 |   262 |   174 ||   566
Dodge: Dodged            |    52 |    77 |    66 |   195 |   146 ||   536
Block: Other             |       |     4 |    13 |       |       ||    17
       Kite shield       |       |       |       |   228 |   204 ||   432
